 Dungeon Crawl Stone Soup version 0.30-a0-222-ge547ba4400 (webtiles) character file.

Game seed: 4418391609643847017

65 qw the Chopper (level 4, -6/28 HPs)
             Began as a Gargoyle Fighter on Oct 8, 2022.
             Mangled by a gnoll
             ... wielding a +0 flail
              (8 damage)
             ... on level 2 of the Dungeon.
             The game lasted 00:00:29 (1208 turns).

qw the Chopper (Gargoyle Fighter)                   Turns: 1208, Time: 00:00:29

Health: -6/28      AC: 10    Str: 21    XL:     4   Next: 14%
Magic:  4/4        EV:  9    Int:  9    God:
Gold:   47         SH:  4    Dex:  9    Spells: 3/3 levels left

rFire   . . .      SeeInvis .    Y - +0 war axe
rCold   . . .      Faith    .    c - +0 buckler
rNeg    + . .      Spirit   .    b - +0 scale mail
rPois   inf        Reflect  .    (no helmet)
rElec   +          Harm     .    (no cloak)
rCorr   .          Rampage  .    (no gloves)
Will    .....                    (no boots)
Stlth   ..........               (no amulet)
HPRegen 0.24/turn                (no ring)
MPRegen 0.09/turn                (no ring)

@: no status effects
A: sickness immunity, AC +3, negative energy resistance 1, electricity
resistance, torment resistance 1, petrification resistance
a: no special abilities


You were on level 2 of the Dungeon.
You visited 1 branch of the dungeon, and saw 2 of its levels.

You collected 47 gold pieces.


Innate Abilities, Weirdness & Mutations

You are immune to sickness and miasma.
Your stone body is resilient. (AC +3)
You are immune to poison.
You resist negative energy. (rN+)
You are resistant to electric shocks. (rElec)
You are resistant to unholy torment.
You are immune to petrification.


   Skills:
 - Level 3.2 Fighting
 + Level 3.9 Axes
 - Level 3.2 Armour
 - Level 3.2 Shields


You had 3 spell levels left.
You didn't know any spells.
Your spell library was empty.

Inventory:

Hand Weapons
 h - a +0 whip
 Y - a +0 war axe (weapon)
Armour
 b - a +0 scale mail (worn)
 c - a +0 buckler (worn)
Potions
 a - 2 potions of mutation {unknown}
 d - a potion of might
 e - a potion of flight {unknown}
 f - 2 potions of brilliance {unknown}
 g - a potion of degeneration {unknown}

Dungeon Overview and Level Annotations

Branches:
Dungeon (2/15)

Altars:


Message History

a +1 dagger of electrocution; a +0 robe; the human corpse of Jessica
There is an escape hatch in the floor, spattered with blood here.
Found 5 poisoned darts.
You see here 5 poisoned darts.
Found a mace.
A gnoll comes into view. It is wielding a +0 spear.
The gnoll shouts!
You hear a shout! x2
The gnoll moves out of view. 3 gnolls and a kobold come into view.
A gnoll is wielding a +1 whip of freezing.
Found a stone staircase leading up.
The gnoll shouts! x2; The kobold shouts!
Enter note:
Found a stone staircase leading down.
The gnoll hits you but does no damage.
You hit the gnoll.
The gnoll is moderately wounded.
The gnoll hits you with a +0 spear.
You closely miss the gnoll.
The gnoll is moderately wounded.
You hit the gnoll. The gnoll hits you with a +0 flail.
The gnoll hits you but does no damage. The gnoll hits you with a +0 flail.
The gnoll hits you with a +1 whip of freezing.
The gnoll freezes you. The gnoll hits you but does no damage.
You hit the gnoll but do no damage.
The gnoll is moderately wounded.
You closely miss the gnoll. x2
You block the gnoll's attack. The gnoll hits you with a +0 spear.
The gnoll hits you but does no damage.
You closely miss the gnoll.
The gnoll is moderately wounded.
You closely miss the gnoll. You slash the gnoll!
The gnoll hits you but does no damage. The gnoll hits you with a +0 spear.
The gnoll barely misses you.
You slash the gnoll!
You kill the gnoll!
You closely miss the gnoll. You hit the gnoll but do no damage.
The gnoll hits you with a +0 flail!
You die...

#.# #.#
....... #.#
....... #.#
##....... #.#
#........ #(#
#........ #.#
#K....... #.#
#gg......
#.####@)....<>
#.............
#.######)....#
### ######


You could see 2 gnolls and a kobold.

Vanquished Creatures
  Jessica (D:2)
  A gnoll (D:2)
  A dart slug (D:1)
  3 endoplasms (D:1)
  2 giant cockroaches
  3 goblins (D:2)
  5 hobgoblins
  A quokka (D:1)
  5 ball pythons (D:1)
  5 bats
  2 frilled lizards
  4 kobolds
  2 rats
35 creatures vanquished.

Vanquished Creatures (others)
  8 toadstools (D:2)
8 creatures vanquished.

Grand Total: 43 creatures vanquished

Notes
Turn   | Place    | Note
-------+----------+-------------------------------------------
     0 | D:1      | qw the Gargoyle Fighter began the quest for the Orb.
     0 | D:1      | Reached XP level 1. HP: 14/14 MP: 1/1
     0 | D:1      | 0 ||| qw: Version: 0.2-a-17-g06abaee
     0 | D:1      | 0 ||| qw: Game counter: 2053
     0 | D:1      | 0 ||| qw: Always use a shield: true
     0 | D:1      | 0 ||| qw: God list: Okawaru
     0 | D:1      | 0 ||| qw: Allow faded altars: false
     0 | D:1      | 0 ||| qw: Do Orc after D:15 true
     0 | D:1      | 0 ||| qw: Do second Lair branch before Depths: true
     0 | D:1      | 0 ||| qw: Lair rune preference: random
     0 | D:1      | 0 ||| qw: Plans: Normal, Zot:1-4, God:TSO, Crypt, Tomb,
                  | Pan, Slime:5, Hells, Abyss, Orb
     0 | D:1      | 0 ||| PLANNING D:1-11
   179 | D:1      | Reached XP level 2. HP: 17/19 MP: 2/2
   315 | D:1      | 315 ||| DROPPING +0 club.
   388 | D:1      | 388 ||| Stepping ~*~*~tactically~*~*~ (stealth).
   389 | D:1      | 389 ||| Stepping ~*~*~tactically~*~*~ (stealth).
   394 | D:1      | 394 ||| Stepping ~*~*~tactically~*~*~ (stealth).
   478 | D:1      | Found a faded altar of an unknown god.
   481 | D:1      | Reached skill level 3 in Axes
   576 | D:1      | Reached XP level 3. HP: 23/23 MP: 3/3
   843 | D:1      | 843 ||| READING scroll labelled POQOUNGEUH.
   844 | D:1      | 844 ||| READING scroll labelled BUOKAXOGOA.
   885 | D:2      | 885 ||| STAIRDANCE
  1108 | D:2      | Noticed Jessica
  1109 | D:2      | 1109 ||| Stepping ~*~*~tactically~*~*~ (hiding).
  1121 | D:2      | Killed Jessica
  1122 | D:2      | Reached XP level 4. HP: 17/28 MP: 4/4
  1205 | D:2      | HP: 7/28 [gnoll/+1 whip of freezing (1)]
  1206 | D:2      | HP: 3/28 [gnoll/+0 spear (4)]
  1208 | D:2      | Mangled by a gnoll

Levels and vault maps discovered:
D:1:      giann_bridges, layout_basic, chequers_ecumenical_altar_island
D:2:      cheibrodos_fertilizer, layout_rooms, corexii_shack, uniq_jessica

Skill      XL: |  1  2 |
---------------+-------+-----
Axes           | 2 3 |  3.9
Fighting       | |  3.2
Armour         | |  3.2
Shields        | |  3.2

Action                   |  1- 3 |  4- 6 || total
-------------------------+-------+-------++-------
Melee: War axe           |   104 |     5 ||   109
  Use: Scroll            |     2 |       ||     2
Armor: Scale mail        |    45 |     5 ||    50
Dodge: Dodged            |    39 |     1 ||    40
Block: Buckler           |    12 |     1 ||    13

Table legend:
 A = Non-vault XP
 B = Vault XP
 C = Vault XP percentage of total XP
 D = Non-vault monster count
 E = Vault monster count
 F = Vault count percentage of total count
                 A         B        C        D         E       F
            +---------+---------+-------+---------+---------+-------
      Total |      70 |      38 |  35.2 |      33 |       2 |   5.7
            +---------+---------+-------+---------+---------+-------
        D:1 |      36 |       0 |   0.0 |      21 |       0 |   0.0
        D:2 |      34 |      38 |  52.8 |      12 |       2 |  14.3
            +---------+---------+-------+---------+---------+-------
